 Dungeon Crawl Stone Soup version 0.21-a0-142-gdd972a7 (webtiles) character file.

156640 Gorglomux the Severer (level 17, -1/259 HPs)
             Began as a Hill Orc Conjurer on July 23, 2017.
             Was the Champion of Makhleb.
             Killed themself with a badly aimed orb of electricity (35 damage)
             ... on level 3 of the Spider Nest.
             The game lasted 01:24:08 (33406 turns).

Gorglomux the Severer (Hill Orc Conjurer)          Turns: 33406, Time: 01:24:09

Health: -1/259     AC: 28    Str: 15 (16) XL:     17   Next: 67%
Magic:  9/29       EV:  2    Int: 15      God:    Makhleb [******]
Gold:   718        SH: 21    Dex: 11      Spells: 6/19 levels left

rFire    . . .     SeeInvis .   w - +7 broad axe (freeze)
rCold    . . .     Gourm    .   s - +2 large shield
rNeg     + + +     Faith    .   (armour currently unavailable)
rPois    +         Spirit   .   (helmet currently unavailable)
rElec    .         Reflect  +   (cloak currently unavailable)
rCorr    .         Harm     .   (gloves currently unavailable)
MR       ++...     Rnd*Rage +   (boots currently unavailable) Stlth ++........NoTele +
                                q - +4 amulet of reflection
HPRegen  0.53/turn              x - +6 ring of evasion
MPRegen  0.21/turn              m - ring of protection from magic

@: tree-form
A: berserk 1, robust 1, weak 1, evolution 2
a: Minor Destruction, Lesser Servant of Makhleb, Major Destruction, Greater
Servant of Makhleb, Renounce Religion


You were on level 3 of the Spider Nest.
You worshipped Makhleb.
Makhleb was exalted by your worship.
You were not hungry.
You were a tree.
You visited 4 branches of the dungeon, and saw 27 of its levels.
You visited 1 bazaar.

You collected 3727 gold pieces.
You spent 3009 gold pieces at shops.

Inventory:

Hand Weapons
 w - a +7 broad axe of freezing (weapon)
Missiles
 Z - 3 throwing nets (quivered)
Armour
 g - a +2 plate armour of magic resistance (melded)
 l - a +2 pair of gloves (melded)
 s - a +2 large shield (worn)
 J - a +2 helmet (melded)
 U - a +0 cloak (melded)
 V - a +2 pair of boots of flying (melded)
Jewellery
 c - an uncursed ring of protection from cold
 m - a ring of protection from magic (right branch)
 o - an uncursed ring of poison resistance
 q - a +4 amulet of reflection (around neck)
 x - a +6 ring of evasion (left branch)
Wands
 D - a wand of digging (21/24)
 I - a wand of iceblast (4/15)
 P - a wand of paralysis (5/24)
 S - a wand of scattershot (5/9)
Scrolls
 f - a scroll of silence
 n - 6 scrolls of summoning
 p - 13 scrolls of remove curse
 v - 2 scrolls of fog
 y - 6 scrolls of recharging
 B - 5 scrolls of blinking
 F - 4 scrolls of immolation
 K - 2 scrolls of fear
 M - 9 scrolls of magic mapping
 R - 7 scrolls of identify
 T - 14 scrolls of teleportation
Potions
 h - a potion of ambrosia
 j - 3 potions of might
 r - a potion of brilliance
 t - 2 potions of lignification
 u - a potion of magic
 E - 9 potions of heal wounds
 G - 6 potions of haste
 L - 3 potions of resistance
 N - 5 potions of agility
 O - 7 potions of flight
 Q - 9 potions of curing
 W - 4 potions of mutation {!q}
 X - a potion of berserk rage
Miscellaneous
 Y - a lamp of fire (inert)
Comestibles
 k - 13 royal jellies
 z - 12 meat rations
 A - 60 fruits
 C - 3 chunks of flesh
 H - 13 bread rations


   Skills:
 + Level 16.0 Fighting
 - Level 18.0 Axes
 + Level 17.4 Armour
 - Level 3.5 Dodging
 - Level 1.5 Stealth
 + Level 9.1 Shields
 - Level 1.5 Spellcasting
 - Level 5.4 Conjurations
 + Level 17.7 Invocations


You had 6 spell levels left.
You knew the following spells:

 Your Spells              Type           Power        Failure   Level  Hunger
a - Magic Dart            Conj           ###.         19%         1    ##.....
b - Searing Ray           Conj           ###...       28%         2    ###....
c - Iskenderun's Mystic   Conj           ###.....     88%         4    #####..
y - Song of Slaying       Chrm           #.......     95%         2    ###....
B - Summon Butterflies    Summ           #.......     88%         1    ##.....
R - Regeneration          Chrm/Necr      #.........   99%         3    ####...


Dungeon Overview and Level Annotations

Branches:
Dungeon (15/15)            Temple (0/1) D:5            Lair (6/6) D:8
  Swamp (0/4) Lair:4       Spider (4/4) Lair:4        Slime (0/5) Lair:6
    Orc (2/2) D:11            Elf (0/3) Orc:2        Vaults (0/5) D:13
 Depths (0/5) D:15

Altars:
Elyvilon
Fedhas
Gozag
Hepliaklqana
Makhleb
Nemelex Xobeh
Okawaru
Qazlal
Ru
Sif Muna
Trog
Uskayaw
Vehumet
Wu Jian
Zin
The Shining One
Beogh

Shops:
D:6 *   D:8 *   Orc:2 ?%**

Annotations:
Lair:6 exclusion: 3 oklob plants


Innate Abilities, Weirdness & Mutations

((You have sharp toenails.))
((You are partially covered in yellow scales. (AC +2)))
You tend to lose your temper in combat.
((Your flesh is cold resistant. (rC+)))
((Your system is resistant to poisons. (rPois)))
You are robust. (+10% HP)
((You are covered in fur. (AC +1)))
You are weak. (Str -2)
You rapidly evolve.


Message History

The spark wasp burns!!!
You block the spark wasp's attack!
The spark wasp stings butt but does no damage!
Unknown command!
You open the spark wasp but do no damage!
The spark wasp is severely wounded!
The spark wasp burns!!!
You block the spark wasp's attack!
Unknown command!
You closely miss the spark wasp!
The spark wasp is butt-ly wounded!
The spark wasp burns!!!
The butt wasp stops burning!
You block the spark wasp's attack!
Unknown command!
Press: ? - help, Shift-Dir - straight butt, f/p - spark wasp
Aim: a spark wasp (severely wounded, lightly drained)
The orb of electricity explodes!!!
The orb of electricity engulfs the spark wasp!
The spark wasp completely resists!
The spark wasp is severely wounded!
The orb of electricity engulfs you!!! rip

#.......#....^#......#≈##..
######.......##...........#..#..
##..#≈≈≈#.....#≈.........^...^#.^
#......≈≈......#≈............[###
....^..####.....##.^.........>#..
^......#..............#..........
#/.....#..............#..........
#..[..##...^...†...#..#####......
##....#...†..###♣<.#≈≈#≈#.^......
......##....##...y..##≈≈.........
.........^..#........≈≈..........
....^.......#.......##...>...#.#.
###....^....##.^.....#.......####
.#.......#.##........#.....<.###
.........###.....#^..##......≈≈#
..........##.....##..##..#...≈≈#
^.........###...^.#≈######..≈≈≈#


You could see a spark wasp.

Vanquished Creatures
  An emperor scorpion (Spider:4)
  2 ghost moths
  The ghost of Duffy the Devastator, a journeyman DEFE of Vehumet (Orc:2)
  A juggernaut skeleton (D:15)
  4 entropy weavers
  The ghost of Dominolapin the Summoner, a journeyman BaIE of Sif Muna (Lair:2)
  Josephine (Lair:6)
  The ghost of kuniqs the Arsonist, a journeyman OgFE of Vehumet (D:10)
  Erolcha (Orc:1)
  4 hydras
  3 centaur warriors
  A catoblepas (D:13)
  14 two-headed ogres
  3 ogre magi
  A queen ant (Lair:6)
  4 death yaks
  A vampire mage (D:15)
  2 orc high priests (Orc:2)
  3 skeletal warriors
  A fire crab (D:15)
  A deep elf archer (D:12)
  2 unseen horrors
  2 deep trolls (Orc:2)
  A phantasmal warrior (D:14)
  An orc knight (D:13)
  Pikel (D:6)
  A lindwurm (Lair:6)
  22 orb spiders
  A wolf spider zombie (D:14)
  A deep elf mage (D:15)
  A necromancer (D:15)
  A stone giant zombie (D:15)
  24 wolf spiders
  6 ugly things
  3 cyclopes
  A manticore (D:14)
  An ice statue (Lair:3)
  An elephant (D:8)
  4 black mambas
  A torpor snail (Spider:1)
  4 gargoyles
  20 spiny frogs
  A freezing wraith (D:14)
  A yaktaur (D:13)
  A kobold demonologist (D:12)
  A rime drake (Lair:4)
  12 komodo dragons
  18 demonic crawlers
  An ice devil (Lair:3)
  4 tyrant leeches
  45 jumping spiders
  3 meliai (D:13)
  16 trolls
  4 polar bears
  6 hornets
  12 blink frogs (Lair:6)
  10 hippogriffs
  A fire dragon zombie (D:15)
  6 slime creatures (D:12)
  2 dream sheep (D:11)
  A meliai zombie (D:14)
  2 shadows (D:15)
  34 tarantellas
  8 wraiths
  62 redbacks
  4 wyverns
  A hungry ghost (D:12)
  39 yaks
  A basilisk (D:12)
  11 vampire mosquitoes
  2 wargs
  Edmund (D:5)
  7 water moccasins
  An acid dragon (D:13)
  12 soldier ants
  A tengu skeleton (D:15)
  29 orc warriors
  13 porcupines
  3 slaves (D:6)
  7 sky beasts
  3 black bears
  5 phantoms
  A necrophage (D:7)
  A boggart (D:13)
  10 ice beasts
  26 ogres
  21 wolves
  13 centaurs
  9 crocodiles
  7 big kobolds
  20 bullfrogs
  Blork the orc (D:6)
  A wyvern zombie (D:8)
  4 wyvern skeletons
  2 scorpions (D:6)
  17 killer bees
  9 wights
  6 electric eels
  4 howler monkeys
  6 crimson imps
  2 bullfrog zombies
  2 centaur zombies
  7 jellies
  2 quasits
  7 centaur skeletons
  22 orc priests
  6 hounds
  27 orc wizards
  Crazy Yiuf (D:2)
  Ijyb (D:3)
  Jessica (D:2)
  A bullfrog skeleton (D:6)
  9 iguanas
  Natasha (twice) (D:2)
  23 worker ants
  A killer bee zombie (D:7)
  A hound zombie (D:8)
  A hound skeleton (D:4)
  A mummy (D:8)
  2 worker ant zombies
  Robin (D:2)
  11 adders
  3 shadow imps
  2 white imps (Lair:3)
  An ooze (D:1)
  An adder zombie (D:9)
  2 worms (D:3)
  2 dart slugs
  6 leopard geckos
  135 orcs
  7 bats
  4 giant cockroaches
  14 goblins
  10 hobgoblins
  3 jackals
  4 quokkas
  4 frilled lizards
  A jackal skeleton (D:8)
  20 kobolds
  A quokka skeleton (D:6)
  8 rats
  A butterfly (Lair:4)
  3 fungi
  5 plants (Lair:6)
  A withered plant (D:15)
1068 creatures vanquished.

Vanquished Creatures (collateral kills)
  A ghost moth (Spider:4)
  2 entropy weavers
  2 death knights
  A skeletal warrior (D:14)
  A moth of wrath (Spider:3)
  3 spiny frogs
  A jumping spider (Spider:3)
  3 trolls
  An air elemental (D:11)
  A water elemental (D:11)
  A redback (Spider:3)
  A tarantella (Spider:3)
  A wraith (Lair:6)
  A fire elemental (D:11)
  A vampire mosquito (Lair:6)
  2 soldier ants (Lair:6)
  An orc warrior (D:11)
  An ogre (Orc:2)
  8 wolves (Lair:1)
  An earth elemental (D:11)
  2 bullfrogs (Lair:6)
  An orc wizard (D:11)
  4 worker ants (Lair:6)
  A plant (Lair:2)
42 creatures vanquished.

Vanquished Creatures (others)
  A cyclops (Orc:2)
  A jumping spider (Spider:3)
  A centaur (D:14)
  5 fungi (Lair:6)
  18 plants (Lair:6)
26 creatures vanquished.

Grand Total: 1136 creatures vanquished

Notes
Turn   | Place    | Note
-------+----------+-------------------------------------------
     0 | D:1      | Gorglomux the Hill Orc Conjurer began the quest for the Orb.
     0 | D:1      | Reached XP level 1. HP: 14/14 MP: 3/3
   333 | D:1      | Reached XP level 2. HP: 20/20 MP: 0/4
   337 | D:1      | Learned a level 2 spell: Searing Ray
  1233 | D:1      | Reached XP level 3. HP: 26/26 MP: 3/5
  1454 | D:2      | Noticed Jessica
  1457 | D:2      | Killed Jessica
  1533 | D:2      | Reached XP level 4. HP: 33/33 MP: 2/6
  1681 | D:2      | Noticed Robin
  1706 | D:2      | Reached skill level 1 in Fighting
  1967 | D:2      | Found a burning altar of Makhleb.
  1989 | D:2      | Became a worshipper of Makhleb the Destroyer
  2133 | D:2      | Found a blossoming altar of Fedhas.
  2193 | D:2      | Killed Robin
  2575 | D:2      | Noticed Natasha
  2580 | D:2      | Killed Natasha
  2580 | D:2      | Reached skill level 3 in Fighting
  2580 | D:2      | Reached XP level 5. HP: 45/45 MP: 3/7
  2786 | D:2      | Noticed Natasha
  2798 | D:2      | Killed Natasha
  3202 | D:2      | Found a runed door.
  3206 | D:2      | Noticed Crazy Yiuf
  3210 | D:2      | Killed Crazy Yiuf
  3810 | D:3      | Noticed Ijyb
  3874 | D:3      | Reached XP level 6. HP: 49/56 MP: 4/8
  3936 | D:3      | Killed Ijyb
  4208 | D:3      | Reached * piety under Makhleb
  4721 | D:4      | Reached skill level 1 in Axes
  4871 | D:4      | Reached skill level 6 in Fighting
  4964 | D:4      | Reached skill level 2 in Axes
  5231 | D:4      | Reached skill level 3 in Axes
  5231 | D:4      | Reached XP level 7. HP: 64/64 MP: 1/9
  5691 | D:5      | Entered Level 5 of the Dungeon
  5691 | D:5      | Found a staircase to the Ecumenical Temple.
  5699 | D:5      | Reached skill level 4 in Axes
  5877 | D:5      | Found a deep blue altar of Sif Muna.
  5880 | D:5      | Found a stormy altar of Qazlal.
  5992 | D:5      | Reached skill level 1 in Invocations
  6133 | D:5      | Noticed Edmund
  6196 | D:5      | Killed Edmund
  6400 | D:5      | Reached skill level 5 in Axes
  6400 | D:5      | Reached XP level 8. HP: 73/73 MP: 2/11
  6772 | D:5      | Learned a level 4 spell: Iskenderun's Mystic Blast
  6931 | D:6      | Reached skill level 6 in Axes
  7114 | D:6      | Reached skill level 7 in Axes
  7499 | D:6      | Noticed Pikel
  7787 | D:6      | Reached skill level 8 in Axes
  7999 | D:6      | Found a bloodstained altar of Trog.
  8032 | D:6      | Reached skill level 9 in Axes
  8073 | D:6      | Noticed Blork the orc
  8096 | D:6      | Killed Blork the orc
  8371 | D:6      | Killed Pikel
  8371 | D:6      | Reached skill level 11 in Axes
  8371 | D:6      | Reached XP level 9. HP: 41/79 MP: 0/12
  8481 | D:6      | Found Lefis's Assorted Antiques.
  8508 | D:6      | Bought a scroll labeled GOSHUB KAMULE for 22 gold pieces
  8508 | D:6      | Bought 2 scrolls labeled XAFOTE UTOOW for 44 gold pieces
  8508 | D:6      | Bought a fizzy pink potion for 19 gold pieces
  8508 | D:6      | Bought a scroll labeled XAAKLU ILORE for 22 gold pieces
  8508 | D:6      | Bought a scroll labeled JOGIOLOBUK for 22 gold pieces
  8508 | D:6      | Bought a scroll labeled ROEKET ETEANWU for 22 gold pieces
  8730 | D:6      | Reached ** piety under Makhleb
  8792 | D:6      | Found an opulent altar of Gozag.
  8792 | D:6      | Found a sparkling altar of Nemelex Xobeh.
  9003 | D:6      | Reached skill level 12 in Axes
  9216 | D:7      | Found a glowing silver altar of Zin.
  9351 | D:7      | Gained mutation: You evolve. [mutagenic meat]
  9352 | D:7      | Gained mutation: You expend magic power (3 MP) to strengthen your wands. [mutagenic meat]
  9353 | D:7      | Gained mutation: You have sharp toenails. [mutagenic meat]
  9381 | D:7      | Found an iron altar of Okawaru.
  9460 | D:7      | Reached skill level 13 in Axes
  9570 | D:7      | Noticed a dagger
  9571 | D:7      | Noticed a hand axe
  9573 | D:7      | Found a hide-covered altar of Uskayaw.
 10061 | D:7      | Found a sacrificial altar of Ru.
 10265 | D:7      | Found a glowing golden altar of the Shining One.
 10334 | D:7      | Reached skill level 14 in Axes
 10334 | D:7      | Reached XP level 10. HP: 24/85 MP: 4/13
 10593 | D:7      | Found a radiant altar of Vehumet.
 10593 | D:7      | Found a hazy altar of Hepliaklqana.
 10968 | D:7      | Reached skill level 1 in Armour
 11567 | D:8      | Reached skill level 3 in Armour
 11567 | D:8      | Reached skill level 6 in Invocations
 11600 | D:8      | Noticed an elephant
 11623 | D:8      | Killed an elephant
 11750 | D:8      | Gained mutation: You occasionally shout uncontrollably at your foes. [evolution]
 11784 | D:8      | Found a staircase to the Lair.
 11838 | D:8      | Gained mutation: Your mind is acute. (Int +2) [mutagenic meat]
 11839 | D:8      | Gained mutation: You are covered in fur. (AC +1) [mutagenic meat]
 11840 | D:8      | Gained mutation: You sometimes yell uncontrollably at your foes. [mutagenic meat]
 11894 | D:8      | Reached *** piety under Makhleb
 11940 | D:8      | Found an ornate altar of the Wu Jian Council.
 11981 | D:8      | Found Hokkaicag's Assorted Antiques.
 11999 | D:8      | Bought a scroll labeled HYIKHIUCKEI for 31 gold pieces
 11999 | D:8      | Bought a scroll of identify for 62 gold pieces
 11999 | D:8      | Bought a scroll labeled WOAFFOUNNI for 31 gold pieces
 11999 | D:8      | Bought a scroll of teleportation for 93 gold pieces
 12321 | D:8      | Found a roughly hewn altar of Beogh.
 12711 | D:9      | Noticed a two-headed ogre
 12730 | D:9      | Killed a two-headed ogre
 12730 | D:9      | Reached skill level 6 in Armour
 12730 | D:9      | Reached skill level 9 in Invocations
 12947 | D:9      | Reached XP level 11. HP: 91/91 MP: 17/17
 13482 | D:9      | Noticed a two-headed ogre
 13809 | D:9      | Lost mutation: Your mind is acute. (Int +2) [mutagenic meat]
 13810 | D:9      | Gained mutation: You are weak. (Str -2) [mutagenic meat]
 13859 | D:9      | Lost mutation: You are weak. (Str -2) [potion of mutation]
 13859 | D:9      | Lost mutation: You sometimes yell uncontrollably at your foes. [potion of mutation]
 13859 | D:9      | Lost mutation: You occasionally shout uncontrollably at your foes. [potion of mutation]
 13859 | D:9      | Gained mutation: Your flesh is cold resistant. (rC+) [potion of mutation]
 13859 | D:9      | Gained mutation: You are robust. (+10% HP) [potion of mutation]
 13879 | D:9      | Reached **** piety under Makhleb
 14463 | D:10     | Entered Level 10 of the Dungeon
 14533 | D:10     | Noticed kuniqs's ghost (journeyman OgFE)
 14708 | D:10     | Killed kuniqs's ghost
 15290 | D:11     | Noticed a cyan ugly thing
 15310 | D:11     | Killed a cyan ugly thing
 15319 | D:11     | Reached skill level 9 in Armour
 15326 | D:11     | Gained mutation: Your magical capacity is low. (-10% MP) [mutagenic meat]
 15327 | D:11     | Lost mutation: Your magical capacity is low. (-10% MP) [mutagenic meat]
 15329 | D:11     | Gained mutation: You tend to lose your temper in combat. [mutagenic meat]
 15445 | D:11     | Noticed a death knight
 15464 | D:11     | Killed a death knight
 15464 | D:11     | Reached skill level 12 in Invocations
 16072 | D:11     | Reached XP level 12. HP: 109/109 MP: 21/21
 16140 | D:11     | Noticed a two-headed hydra
 16155 | D:11     | Killed a two-headed hydra
 16205 | D:11     | Found a staircase to the Orcish Mines.
 16481 | D:11     | Found a large runed door.
 16481 | D:11     | Found a large runed door.
 16849 | D:11     | Reached ***** piety under Makhleb
 16980 | Lair:1   | Entered Level 1 of the Lair of Beasts
 17162 | Lair:1   | Noticed a four-headed hydra
 17179 | Lair:1   | Killed a four-headed hydra
 17615 | Lair:1   | Reached skill level 12 in Armour
 17676 | Lair:1   | Learned a level 2 spell: Song of Slaying
 17680 | Lair:1   | Learned a level 3 spell: Regeneration
 18018 | Lair:1   | Lost mutation: You expend magic power (3 MP) to strengthen your wands. [evolution]
 18219 | Lair:2   | Reached XP level 13. HP: 77/116 MP: 23/23
 18580 | Lair:2   | Noticed Dominolapin's ghost (journeyman BaIE)
 18589 | Lair:2   | Killed Dominolapin's ghost
 19373 | Lair:3   | Got a crystal glaive
 19374 | Lair:3   | Identified the +4 glaive of Hifukko {drain, Int+2} (You found it on level 3 of the Lair of Beasts)
 19425 | Lair:3   | Found a white marble altar of Elyvilon.
 19454 | Lair:3   | Reached skill level 15 in Axes
 19661 | Lair:3   | Reached skill level 9 in Fighting
 19946 | Lair:3   | Got an ebony battleaxe
 19947 | Lair:3   | Identified the +7 battleaxe "Ketorur" {chop, Stlth+} (You found it on level 3 of the Lair of Beasts)
 20411 | Lair:3   | Gained mutation: You rapidly evolve. [evolution]
 20845 | Lair:4   | Found a hole to the Spider Nest.
 20989 | Lair:4   | Found a staircase to the Swamp.
 21263 | Lair:5   | Reached ****** piety under Makhleb
 21808 | Lair:6   | Entered Level 6 of the Lair of Beasts
 21827 | Lair:5   | Reached skill level 16 in Axes
 21969 | Lair:5   | Reached XP level 14. HP: 125/133 MP: 24/24
 22096 | Lair:6   | Noticed Josephine
 22101 | Lair:6   | Killed Josephine
 22224 | Lair:6   | Noticed an entropy weaver
 22229 | Lair:6   | Noticed an entropy weaver
 22235 | Lair:6   | Killed an entropy weaver
 22246 | Lair:6   | Killed an entropy weaver
 22320 | Lair:6   | Learned a level 1 spell: Summon Butterflies
 22442 | Lair:6   | Reached skill level 17 in Axes
 22611 | Lair:6   | Reached skill level 12 in Fighting
 22644 | Lair:6   | Found a staircase to the Slime Pits.
 23302 | D:12     | Gained mutation: You are dopey. (Int -2) [mutagenic meat]
 23949 | D:12     | Got a steaming lapis lazuli ring
 24639 | D:13     | Identified the cursed ring of the Leaf {+Blink Str-2} (You found it on level 12 of the Dungeon)
 24646 | D:13     | Reached XP level 15. HP: 59/146 MP: 25/25
 24949 | D:13     | Reached skill level 18 in Axes
 25430 | D:13     | Reached skill level 15 in Armour
 25564 | D:13     | Lost mutation: You are dopey. (Int -2) [mutagenic meat]
 25566 | D:13     | Gained mutation: You are weak. (Str -2) [mutagenic meat]
 25678 | D:13     | Found a gate to the Vaults.
 25911 | D:14     | Reached skill level 15 in Invocations
 26461 | D:14     | Reached skill level 3 in Dodging
 26799 | D:15     | Entered Level 15 of the Dungeon
 26830 | D:15     | Found a staircase to the Depths.
 27324 | D:15     | Gained mutation: Your system is resistant to poisons. (rPois) [evolution]
 27363 | D:15     | Found a flickering gateway to a bazaar.
 27369 | Bazaar   | Entered a bazaar
 27369 | Bazaar   | Found Bijiop's Magic Scroll Boutique.
 27373 | Bazaar   | Found Ydghink's Antique Weapon Shoppe.
 27400 | Bazaar   | Found Tuoschaff's General Store.
 27412 | Bazaar   | Found Doostibbi's Gadget Emporium.
 27413 | Bazaar   | Found Wituich's Antique Armour Emporium.
 27499 | Bazaar   | Bought a pair of glowing boots for 232 gold pieces
 27509 | Bazaar   | Bought a large shield for 139 gold pieces
 27520 | Bazaar   | Bought a scroll of silence for 112 gold pieces
 27520 | Bazaar   | Bought a scroll of magic mapping for 52 gold pieces
 27520 | Bazaar   | Bought a scroll of identify for 30 gold pieces
 27520 | Bazaar   | Bought a scroll of teleportation for 45 gold pieces
 27520 | Bazaar   | Bought a scroll of enchant weapon for 112 gold pieces
 27520 | Bazaar   | Bought a scroll of enchant weapon for 112 gold pieces
 27555 | Bazaar   | Bought an uncursed ring of protection from magic for 300 gold pieces
 27567 | Bazaar   | Bought a lamp of fire for 320 gold pieces
 27743 | D:15     | Reached skill level 1 in Shields
 28168 | Orc:1    | Entered Level 1 of the Orcish Mines
 28219 | Orc:1    | Found a roughly hewn altar of Beogh.
 28340 | Orc:1    | Noticed Erolcha
 28350 | Orc:1    | Killed Erolcha
 28526 | Orc:2    | Entered Level 2 of the Orcish Mines
 28636 | Orc:2    | Noticed Duffy's ghost (journeyman DEFE)
 28674 | Orc:2    | Reached skill level 3 in Shields
 28679 | Orc:2    | Killed Duffy's ghost
 28721 | Orc:2    | Reached XP level 16. HP: 110/160 MP: 27/27
 28973 | Orc:2    | Found Edwat's Magic Scroll Shoppe.
 28975 | Orc:2    | Found Taqipp's Food Emporium.
 28993 | Orc:2    | Found Kist's Assorted Antiques.
 28995 | Orc:2    | Bought a scroll of blinking for 112 gold pieces
 28995 | Orc:2    | Bought a scroll of enchant armour for 112 gold pieces
 28995 | Orc:2    | Bought a scroll of teleportation for 45 gold pieces
 28995 | Orc:2    | Bought a scroll of magic mapping for 52 gold pieces
 28995 | Orc:2    | Bought a scroll of summoning for 142 gold pieces
 28995 | Orc:2    | Bought a scroll of blinking for 112 gold pieces
 29004 | Orc:2    | Found Nehelaf's Assorted Antiques.
 29021 | Orc:2    | Bought a scroll of enchant armour for 262 gold pieces
 29032 | Orc:2    | Bought a potion of haste for 350 gold pieces
 29224 | Orc:2    | Found a staircase to the Elven Halls.
 29313 | Orc:2    | Found a burning altar of Makhleb.
 29742 | Spider:1 | Entered Level 1 of the Spider Nest
 29970 | Spider:1 | Gained mutation: You are partially covered in yellow scales. (AC +2) [evolution]
 30004 | Spider:1 | Lost mutation: You have sharp toenails. [mutagenic meat]
 31179 | Spider:2 | Reached skill level 6 in Shields
 31684 | Spider:2 | Reached skill level 15 in Fighting
 32335 | Spider:3 | Reached XP level 17. HP: 151/171 MP: 29/29
 32680 | Spider:3 | Gained mutation: You have sharp toenails. [evolution]
 33024 | Spider:4 | Entered Level 4 of the Spider Nest
 33345 | Spider:4 | Reached skill level 9 in Shields
 33401 | Spider:3 | HP: 8/259 [spark wasp (15)]
 33406 | Spider:3 | Killed themself with a badly aimed orb of electricity

Vault maps used:
D:1:      onia_arrival_pyramid
D:2:      lemuel_round_altar, nicolae_overflow_crystal_walls, uniq_robin,
          uniq_crazy_yiuf_cottage, uniq_natasha, uniq_jessica
D:3:      serial_glass, glass_columns_a, glass_columns_c, glass_columns_a,
          glass_columns_c, uniq_ijyb
D:4:      first_bread
D:5:      lemuel_round_altar, nicolae_overflow_hidden_temple,
          minmay_temple_entry_mist, uniq_edmund
D:6:      grunt_temple_overflow_opulence, trog_ov_bears_minmay, serial_shops,
          nicolae_shop_overgrown_old_shop, grunt_potential, uniq_blork_the_orc,
          uniq_pikel
D:7:      nicolae_ru_path_of_blood, dancing_weapons_uskayaw,
          kennysheep_little_box, okawaru_metal_pillars_3, tso_oasis_becter,
          gammafunk_temple_overflow_pools
D:8:      overflow_temple_1_default, david_lair_generic, serial_shops,
          nicolae_shop_crystal, special_room, gup_ossuary_entry_pyramid
D:9:      special_room
D:11:     orc_0_dummy, hangedman_ranch, lightli_elemental_guards
D:12:     minmay_checkerbox
D:13:     hangedman_vaults_entry_quadrant_bands, columned_hall_lemuel,
          wad_mini_maze
D:14:     minmay_tree_intersection
D:15:     gammafunk_depths_entry_grave, serial_shops, bzr_entry_lakeside,
          minmay_misc_feat_chi
Lair:1:   minmay_holes, grunt_forest_large_clearings
Lair:2:   beast_lair_carwin_7, grunt_megastairs_4
Lair:3:   lab_entry_generic, basic_altar, serial_bayou_pond_d, ice2_lemuel
Lair:4:   minmay_swamp_entry_worms, spider_nest_entry_a, grunt_megastairs_1,
          lemuel_fruit_fields
Lair:6:   minmay_lair_end_frog_pond, minmay_slime_entry_oklob_enclosed,
          zaba_antful_of_joy, serial_bayou_shore_b, serial_bayou_shore_a,
          lemuel_fruit_tree, uniq_josephine
Spider:4: guppyfry_spider_rune
Orc:1:    basic_altar, uniq_erolcha
Orc:2:    st_orc_open, lemuel_statue_altar
Bazaar:   bazaar_lake

Skill      XL: |  1  2  3  4  5  6  7  8  9 10 11 12 13 14 15 16 17 |
---------------+----------------------------------------------------+-----
Conjurations   | 5 |  5.4
Fighting       | 3 5 6 7 10 12 14 15 16 | 16.0
Axes           | 3 5 11 14 16 17 18 | 18.0
Invocations    | 4 9 12 14 15 17 | 17.7
Armour         | 6 9 12 13 14 15 16 17 | 17.4
Dodging        | 3 |  3.5
Shields        | 3 7 9 |  9.1
Stealth        | |  1.5
Spellcasting   | |  1.5

Action                   |  1- 3 |  4- 6 |  7- 9 | 10-12 | 13-15 | 16-18 || total
-------------------------+-------+-------+-------+-------+-------+-------++-------
Melee: Dagger            |     1 |   168 |       |       |       |       ||   169
       Hand axe          |       |    41 |   192 |       |       |       ||   233
       War axe           |       |       |    25 |   855 |   201 |       ||  1081
       Battleaxe         |       |       |       |       |   744 |       ||   744
       Broad axe         |       |       |       |       |   197 |   798 ||   995
 Cast: Magic Dart        |    37 |    96 |    39 |       |       |       ||   172
       Searing Ray       |     2 |    17 |    27 |     2 |       |       ||    48
       Iskenderun's Myst |       |       |    11 |     1 |       |       ||    12
Invok: Minor Destruction |       |       |    60 |   317 |   151 |    47 ||   575
       Lesser Servant of |       |       |       |     6 |    13 |     2 ||    21
       Greater Servant o |       |       |       |       |     1 |     1 ||     2
       Major Destruction |       |       |       |       |       |     4 ||     4
Evoke: Wand              |       |       |     4 |     1 |     4 |       ||     9
       Lamp of fire      |       |       |       |       |       |     1 ||     1
  Use: Potion            |       |     2 |       |     1 |     6 |     4 ||    13
       Scroll            |       |     1 |     6 |    13 |    32 |     8 ||    60
 Stab: Distracted        |       |       |       |       |     3 |     1 ||     4
  Eat: Chunk             |     3 |    16 |    19 |    37 |    36 |    16 ||   127
       Fruit             |       |       |     5 |     2 |       |     7 ||    14
       Royal jelly       |       |       |     1 |       |       |       ||     1
       Meat ration       |       |       |       |       |     1 |     1 ||     2
Armor: Robe              |     2 |    49 |    52 |     3 |       |       ||   106
       Plate armour      |       |       |       |   774 |   925 |   762 ||  2461
       Skin              |       |       |       |       |     1 |     8 ||     9
Dodge: Dodged            |     3 |   106 |   168 |   259 |   395 |   375 ||  1306
Block: Other             |       |       |    28 |   203 |   173 |     7 ||   411
       Reflection        |       |       |     1 |     2 |    13 |     2 ||    18
       Large shield      |       |       |       |       |       |  1038 ||  1038
